 Dungeon Crawl Stone Soup version 0.21.1-1-g345015f (webtiles) character file.

109 Firecrotchwizard the Slasher (level 4, -4/38 HPs)
             Began as a Minotaur Gladiator on May 28, 2018.
             Was an Initiate of Ru.
             Slain by an iguana (6 damage)
             ... on level 4 of the Dungeon.
             The game lasted 00:03:08 (1754 turns).

Firecrotchwizard the Slasher (Minotaur Gladiator)   Turns: 1754, Time: 00:03:09

Health: -4/38      AC:  3    Str: 19    XL:     4   Next: 59%
Magic:  0/3        EV: 13    Int:  5    God:    Ru [......]
Gold:   109        SH:  0    Dex: 12    Spells: 3/3 levels left

rFire    . . .     SeeInvis .   a - +0 long sword
rCold    . . .     Gourm    .   (no shield)
rNeg     + . .     Faith    .   b - +0 leather armour
rPois    .         Spirit   +   c - +0 hat
rElec    .         Reflect  .   j - scarf {Spirit}
rCorr    .         Harm     .   (no gloves)
MR       .....                  (no boots)
Stlth    +.........             (no amulet)
HPRegen  0.12/turn              m - ring of positive energy {rN+}
MPRegen  0.08/turn              (no ring)

@: no status effects
A: retaliatory headbutt, horns 2
a: Renounce Religion


You were on level 4 of the Dungeon.
You worshipped Ru.
Ru was noncommittal.
You were not hungry.

You visited 1 branch of the dungeon, and saw 4 of its levels.

You collected 109 gold pieces.

Inventory:

Hand Weapons
 a - a +0 long sword (weapon)
Missiles
 d - 3 throwing nets {=f, !d}
Armour
 b - a +0 leather armour (worn)
 c - a +0 hat (worn)
 j - a scarf of spirit shield (worn)
   (You found it on level 1 of the Dungeon)
Jewellery
 m - a ring of positive energy (left hand) {rN+}
   (You found it on level 1 of the Dungeon)
 t - an uncursed ring of positive energy {rN+}
   (You found it on level 3 of the Dungeon)
Scrolls
 e - 2 scrolls of teleportation {unknown}
 h - 2 scrolls of amnesia {unknown}
 l - a scroll of enchant armour {unknown}
 n - 2 scrolls of remove curse {unknown}
 o - 2 scrolls of fear {unknown}
 q - 2 scrolls of identify {unknown}
 v - a scroll of immolation {unknown}
Potions
 i - 2 potions of lignification {unknown}
 k - 2 potions of curing {unknown}
 p - 2 potions of flight {unknown}
 r - a potion of cancellation {unknown}
 s - 2 potions of heal wounds {unknown}
 u - a potion of resistance
Comestibles
 f - 7 rations {@e1}
 g - 8 chunks of flesh {@w0}


   Skills:
 + Level 3.3 Fighting
 * Level 5.0 Long Blades
 - Level 2.0 Throwing
 + Level 2.1 Armour
 + Level 4.0 Dodging


You had 3 spell levels left.
You didn't know any spells.

Dungeon Overview and Level Annotations

Branches:
Dungeon (4/15)
 Temple: D:4-7

Altars:
Ashenzari
Dithmenos
Gozag
Kikubaaqudgha
Ru
Trog
Vehumet


Innate Abilities, Weirdness & Mutations

You reflexively headbutt those who attack you in melee.
You have a pair of horns on your head.


Message History

You furiously retaliate!
You headbutt the ball python.
You kill the ball python!
Some of the chunks of flesh in your inventory have rotted away.
No target in view!
Things that are here:
a mace; a leather armour; an orc corpse You butcher the orc corpse.
g - 18 chunks of flesh {@w0} (gained 4)
Things that are here:
a mace; a leather armour; an orc skeleton
Things that are here:
a mace; a leather armour; an orc skeleton Done exploring.
Done exploring.
Done exploring.
(D) Dungeon
Where to? (Enter - D:3 @ (x,y), ? - help)
There is a stone staircase leading down here.
You climb downwards.
There is a stone staircase leading up here.
Some of the chunks of flesh in your inventory have rotted away.
You see here a robe.
A phantom comes into view.
A phantom is nearby!
You hit the phantom. The phantom hits you!
The phantom hits you but does no damage.
You take 7 damage, and have 31/38 hp.
You now have 2/3 mp.
You hit the phantom. Your headbutt misses the phantom.
The phantom hits you but does no damage.
You hit the phantom.
The phantom blinks!
The phantom blinks!
Some of the chunks of flesh in your inventory have rotted away.
Found a stone staircase leading down.
The phantom hits you.
The phantom blinks!
You closely miss the phantom. Your headbutt misses the phantom.
The phantom hits you.
The phantom blinks!
You take 6 damage, and have 25/38 hp.
The phantom blinks!
No target in view!
No target in view!
No target in view!
No target in view!
No target in view!
No target in view!
No target in view!
No target in view!
No target in view!
No target in view!
No target in view!
No target in view!
No target in view!
No target in view!
No target in view!
No target in view!
No target in view!
No target in view!
No target in view!
No target in view!
You start resting.
MP restored: 3 An iguana comes into view.
The iguana hisses angrily.
You hit the phantom. You headbutt the phantom! The phantom misses you.
You furiously retaliate!
You headbutt the phantom, but do no damage.
You riposte.
You hit the phantom.
The iguana hisses menacingly.
You closely miss the phantom. The phantom hits you. The phantom hits you!
The phantom blinks!
You take 6 damage, and have 19/38 hp.
You now have 2/3 mp.
You are too injured to fight recklessly!
You are too injured to fight recklessly!
You are too injured to fight recklessly!
You hit the iguana. You headbutt the iguana. The iguana bites you!
* * * LOW HITPOINT WARNING * * *
The iguana barely misses you. You furiously retaliate!
You headbutt the iguana, but do no damage.
You riposte.
You completely miss the iguana.
You take 11 damage, and have 8/38 hp.
MASSIVE DAMAGE!!
You now have 1/3 mp.
You closely miss the iguana. The iguana bites you.
* * * LOW HITPOINT WARNING * * *
You take 1 damage, and have 7/38 hp.
You hit the iguana. The iguana bites you!
* * * LOW HITPOINT WARNING * * *
You take 6 damage, and have 1/38 hp.
You now have 0/3 mp.
You hit the iguana but do no damage. The iguana misses you.
You riposte.
You hit the iguana but do no damage. You barely miss the iguana.
You headbutt the iguana. The iguana barely misses you. You furiously retaliate!
You headbutt the iguana, but do no damage.
You closely miss the iguana. The iguana barely misses you.
You furiously retaliate!
You headbutt the iguana.
You riposte.
You closely miss the iguana.
You headbutt the iguana, but do no damage.
The phantom closely misses you.
You hit the iguana but do no damage. Your headbutt misses the iguana.
The iguana bites you.
You die...

#.........# #.#
#########[# ...#
#.# .... #.# .....
#.#
...>[###########.#
)................#
...##l.##########
#@.# ......W.%..#
...#.##..#..... #
#..#####. #..#
#... #.## ...


You could see a phantom and an iguana.

Vanquished Creatures
  2 adders
  An ooze (D:2)
  2 worms
  A dart slug (D:1)
  A leopard gecko (D:1)
  6 orcs (D:3)
  3 giant cockroaches
  11 goblins
  8 hobgoblins
  3 jackals (D:1)
  8 kobolds
  A quokka (D:3)
  2 ball pythons
  10 bats
  3 frilled lizards
  6 rats (D:1)
68 creatures vanquished.

Notes
Turn   | Place    | Note
-------+----------+-------------------------------------------
     0 | D:1      | Firecrotchwizard the Minotaur Gladiator began the quest for the Orb.
     0 | D:1      | Reached XP level 1. HP: 18/18 MP: 0/0
   114 | D:1      | Reached XP level 2. HP: 22/25 MP: 1/1
   118 | D:1      | Reached skill level 4 in Long Blades
   216 | D:1      | Reached skill level 1 in Armour
   299 | D:1      | Reached XP level 3. HP: 24/30 MP: 2/2
   616 | D:2      | Reached skill level 3 in Fighting
   842 | D:2      | Found a bloodstained altar of Trog.
   842 | D:2      | Found a radiant altar of Vehumet.
  1027 | D:2      | Reached XP level 4. HP: 38/38 MP: 3/3
  1116 | D:2      | Found a shattered altar of Ashenzari.
  1212 | D:3      | Found a shadowy altar of Dithmenos.
  1276 | D:2      | Found an opulent altar of Gozag.
  1276 | D:2      | Found an ancient bone altar of Kikubaaqudgha.
  1492 | D:3      | Reached skill level 2 in Armour
  1545 | D:3      | Found a sacrificial altar of Ru.
  1556 | D:3      | Reached skill level 5 in Long Blades
  1596 | D:3      | Became a worshipper of Ru the Awakened
  1654 | D:3      | Reached skill level 4 in Dodging
  1729 | D:4      | Noticed a phantom
  1748 | D:4      | HP: 8/38 [iguana (11)]
  1750 | D:4      | HP: 1/38 [iguana (6)]
  1754 | D:4      | Slain by an iguana

Skill      XL: |  1  2  3  4 |
---------------+-------------+-----
Long Blades    | 4 5 |  5.0
Armour         | 1 2 |  2.1
Fighting       | 3 |  3.3
Dodging        | 4 |  4.0
Throwing       | |  2.0

Action                   |  1- 3 |  4- 6 || total
-------------------------+-------+-------++-------
Melee: Long sword        |    68 |    48 ||   116
       Headbutt          |    12 |    13 ||    25
 Stab: Sleeping          |       |     1 ||     1
  Eat: Chunk             |       |     3 ||     3
Armor: Leather armour    |    32 |     7 ||    39
Dodge: Dodged            |    62 |    20 ||    82
       Rpst.: Long sword |    20 |     6 ||    26

Vault maps used:
D:1:      roderic_chinese_lattice_arrival
D:2:      nicolae_overflow_hidden_temple
D:3:      lemuel_doored_altar, lemuel_round_altar, first_ration

Table legend:
 A = Turns spent in this place as a percentage of turns spent in the entire game.
 B = Non-inter-level travel turns spent in this place as a percentage of non-inter-level travel turns spent in the entire game.
 C = Inter-level travel turns spent in this place as a percentage of turns spent in this place.
 D = Turns resting spent in this place as a percentage of non-inter-level travel turns spent in this place.
 E = Turns spent auto-exploring this place as a percentage of non-inter-level travel turns spent in this place.
 F = Non-inter-level travel turns spent in this place divided by the number of levels of this place that you've seen.
                   A       B       C       D       E      F
               +-------+-------+-------+-------+-------+----------------------
         Total | 100.0 | 100.0 |   3.0 |  16.0 |  65.2 | 425.2
       Dungeon | 100.0 | 100.0 |   3.0 |  16.0 |  65.2 | 425.2
               +-------+-------+-------+-------+-------+----------------------

Table legend:
 A = Kills in this place as a percentage of kills in entire the game.
 B = Kills by you in this place as a percentage of kills by you in the entire game.
 C = Kills by friends in this place as a percentage of kills by friends in the entire game.
 D = Other kills in this place as a percentage of other kills in the entire game.
 E = Experience gained in this place as a percentage of experience gained in the entire game.
 F = Experience gained in this place divided by the number of levels of this place that you have seen.
                   A       B       C       D       E      F
               +-------+-------+-------+-------+-------+----------------------
         Total | 100.0 | 100.0 |   N/A |   N/A | 100.0 |  39.0
       Dungeon | 100.0 | 100.0 |   N/A |   N/A | 100.0 |  39.0
               +-------+-------+-------+-------+-------+----------------------
